Bruins vs Whalers

Created - 27 février 2024 at 19:46

Goals
1 2 3 T
Bruins 1 1 1 3
Whalers 2 4 1 7
Shots
1 2 3 T
Bruins 11 8 14 33
Whalers 11 19 14 44

GoalsPenalties
1st period
1. Whalers , Vladimir Tarasenko 21 (Drake Batherson 30, Scott Mayfield 13) at 2:14
2. Whalers , Reilly Smith 19 (Bryan Rust 19, David Savard 16) at 5:49
3. Bruins , Brady Tkachuk 25 (Nico Hischier 29, Claude Giroux 28) at 18:07 (PP)
Jacob Bernard-Docker (BOS) for Unsportsmanlike conduct (Minor) at 8:36
Timo Meier (HAR) for Goalie Interference (Minor) at 16:17
2nd period
4. Whalers , Bryan Rust 13 (Reilly Smith 19, Shane Pinto 24) at 2:13 (PP)
5. Whalers , Vladimir Tarasenko 22 (Drake Batherson 31, Justin Faulk 11) at 9:52
6. Bruins , Mason Marchment 6 (Seth Jones 24, Ryan Poehling 7) at 15:04
7. Whalers , Shane Pinto 12 (Reilly Smith 20, Scott Mayfield 14) at 15:48 (PP)
8. Whalers , Bryan Rust 14 (Shane Pinto 25, Reilly Smith 21) at 18:08 (PP)
Brady Tkachuk (BOS) for Charging (Minor) at 1:58
Matt Dumba (BOS) for Hooking (Minor) at 10:15
Jacob Bernard-Docker (BOS) for Hooking (Minor) at 15:26
Brady Tkachuk (BOS) for Roughing (Minor) at 17:23
3rd period
9. Whalers , Reilly Smith 20 (Bryan Rust 20, Justin Faulk 12) at 0:28
10. Bruins , Ryan Poehling 5 (Seth Jones 25, Mason Marchment 5) at 10:58
No Penalty
Goalie Stats
Mackenzie Blackwood (BOS), 13 saves from 13 shots - (1,000), 19:32 minutes
Ilya Samsonov (BOS), 24 saves from 31 shots - (0,774), L, 14-15-4, 40:28 minutes
Jacob Markstrom (HAR), 30 saves from 33 shots - (0,909), W, 23-12-5, 60:00 minutes
3 StarsOfficial
1 - Reilly Smith (HAR)
2 - Bryan Rust (HAR)
3 - Shane Pinto (HAR)
Referees : Steve Kozari and Francois St-Laurent
Linesman : Libor Suchanek and Derek Wahl
Game Note
15:32 of 2nd period - Whalers goal is going for a video replay. After video review, No Goal. The goalkeeper has been pushed into the net together with the puck after making a save.
Mackenzie Blackwood enters game at 0:28 of 3rd period
Finance
Level 1 -- Attendance: 3253 (54,22%) -- Ticket Income 487 950 $
Level 2 -- Attendance: 2183 (43,66%) -- Ticket Income 272 875 $
Level 3 -- Attendance: 800 (40,00%) -- Ticket Income 96 000 $
Level 4 -- Attendance: 1600 (40,00%) -- Ticket Income 128 000 $
Luxury Box -- Attendance: 400 (40,00%) -- Ticket Income 200 000 $
Game was played at the The Pound.
Total Attendance: 8236 (45,76%)
Total Ticket Income: 1 184 825 $
Other Income: 580 564 $
Total Income: 1 765 389 $



Team Name Goals Shots Shots Attemp Shots Blocked PIM HIT PP PK FO%
Bruins 33366151071 / 1 (100%)357%
Whalers 74487122163 / 5 (60%)143%

Bruins
Player Name POS G A P +/- PIM HIT SHT SB MP PP MP PP SHT PK MP PK SHT FO% FOT GA TA
Alexis LafreniereLW/RW0000011116:090:0000:0000% 010
Anthony ManthaLW/RW0001003013:370:0000:000100% 100
Brady TkachukC/LW1010404017:461:5010:0000% 111
Claude GirouxC/LW/RW0110012118:361:5000:48065% 2010
Dmitry KulikovD0000010020:460:0002:5800% 001
Jacob Bernard-DockerD000-3400217:040:0000:0000% 000
Jared SpurgeonD0001021122:351:0802:5800% 000
Mason MarchmentLW/RW1121002013:370:0000:0000% 000
Matt DumbaD0000201118:200:4200:0000% 000
Maxime ComtoisLW000-100107:290:0000:0000% 000
Morgan FrostC/LW000-2022015:190:0000:0000% 000
Nico HischierC011-2003018:501:5001:41065% 2000
Nikita ZaitsevD000-3003519:490:4202:2200% 012
Paul StastnyC/LW000-100107:290:0000:00020% 500
Ryan PoehlingC/LW/RW1121002017:030:0003:26050% 2200
Seth JonesD0221003421:501:0802:2200% 000
Taylor RaddyshC/LW/RW000-2003017:050:0001:190100% 100
Zemgus GirgensonsC/LW/RW000-1001011:110:0003:2600% 000
Whalers
Player Name POS G A P +/- PIM HIT SHT SB MP PP MP PP SHT PK MP PK SHT FO% FOT GA TA
Bryan RustLW/RW2242016019:182:3320:000100% 200
David SavardD0110001020:240:0001:0100% 001
Drake BathersonC/RW0221025120:022:4710:00032% 2800
Jack McBainC000002108:180:0001:0200% 100
Jacob MiddletonD0000022223:072:3801:0100% 001
Josh MahuraD0001011113:480:0000:4900% 000
Justin FaulkD0221013123:052:4210:0000% 001
Max PaciorettyLW000-1013111:340:0000:0000% 010
Oskar SundqvistC/LW/RW000-1004011:340:0000:0000% 110
Pierre-edouard BellemareC/LW/RW000-1001012:220:0000:48057% 700
Reilly SmithLW/RW2352005020:202:3301:02050% 210
Scott MayfieldD0221011123:542:4200:4900% 001
Sean WalkerD0001012315:422:3800:0000% 000
Shane PintoC1232013119:182:3320:00052% 2700
Timo MeierLW/RW0001210120:012:4700:0000% 200
Trevor LewisC/LW/RW000000107:160:0000:0000% 000
Ty DellandreaC/RW000001308:040:0000:4800% 000
Vladimir TarasenkoRW2021012020:022:4700:0000% 010

Bruins

5 vs 5 Forward
Line #Left WingCenterRight WingPHYDFOFWanted %Time %Time Play
1Brady TkachukClaude GirouxAlexis Lafreniere0233030%15:58
2Morgan FrostNico HischierTaylor Raddysh0323030%15:46
3Mason MarchmentRyan PoehlingAnthony Mantha0232626%13:37
4Maxime ComtoisPaul StastnyZemgus Girgensons0321414%7:29
5 vs 5 Defense
Line #DefenseDefensePHYDFOFWanted %Time %Time Play
1Seth JonesJared Spurgeon1223535%18:29
2Dmitry KulikovMatt Dumba1223333%17:27
3Jacob Bernard-DockerNikita Zaitsev1223232%16:42
4Seth JonesMatt Dumba12200%0:12
Power Play Forward
Line #Left WingCenterRight WingPHYDFOFWanted %Time %Time Play
1Brady TkachukNico HischierClaude Giroux00550100%1:50
2Anthony ManthaMorgan FrostTaylor Raddysh005500%0:00
Power Play Defense
Line #DefenseDefensePHYDFOFWanted %Time %Time Play
1Seth JonesJared Spurgeon0147562%1:08
2Matt DumbaNikita Zaitsev0142538%0:42
Penalty Kill 4 Players Forward
Line #CenterWingPHYDFOFWanted %Time %Time Play
1Ryan PoehlingZemgus Girgensons0506079%4:14
2Nico HischierTaylor Raddysh0504021%1:06
Penalty Kill 4 Players Defense
Line #DefenseDefensePHYDFOFWanted %Time %Time Play
1Dmitry KulikovJared Spurgeon1405056%2:58
2Seth JonesNikita Zaitsev1405044%2:22
Penalty Kill 3 Players
Line #WingPHYDFOFWanted %Time %Time PlayDefenseDefensePHYDFOFWanted %Time %Time Play
1Ryan Poehling050500%0:00 Dmitry KulikovJared Spurgeon140500%0:00
2Nico Hischier050500%0:00 Seth JonesNikita Zaitsev140500%0:00
4 vs 4 Forward
Line #CenterWingPHYDFOFWanted %Time %Time Play
1Claude GirouxBrady Tkachuk122500%0:00
2Morgan FrostTaylor Raddysh122500%0:00
4 vs 4 Defense
Line #DefensePHYDFOFWanted %Time %Time Play
1Seth JonesMatt Dumba122500%0:00
2Jared SpurgeonDmitry Kulikov122500%0:00
Last Minutes Offensive
Left WingCenterRight WingDefenseDefense
Brady TkachukNico HischierClaude GirouxSeth JonesJared Spurgeon
Last Minutes Defensive
Left WingCenterRight WingDefenseDefense
Ryan PoehlingNico HischierClaude GirouxSeth JonesJared Spurgeon
Time
Total ForwardTotal DefenseLast Minutes OffensiveLast Minutes Defensive
60:00 60:00 0:000:00
Extra Forwards
Normal PowerPlayPenalty Kill
Zemgus Girgensons, Morgan Frost, Taylor RaddyshMorgan Frost, Taylor RaddyshTaylor Raddysh
Extra Defensemen
Normal PowerPlayPenalty Kill
Matt Dumba, Nikita Zaitsev, Seth JonesNikita Zaitsev, Matt DumbaSeth Jones
Penalty Shots
Brady Tkachuk, Paul Stastny, Claude Giroux, Alexis Lafreniere, Ryan Poehling
Goalie
Ilya Samsonov, Mackenzie Blackwood
Custom OT Lines Forwards
Claude Giroux, Brady Tkachuk, Nico Hischier, Alexis Lafreniere, Morgan Frost, Anthony Mantha, Taylor Raddysh, Ryan Poehling, Zemgus Girgensons, Paul Stastny
Custom OT Lines Defensemen
Seth Jones, Jared Spurgeon, Matt Dumba, Dmitry Kulikov, Jacob Bernard-Docker
Scratches
Sean Monahan (Right Leg Injury), Jakob Chychrun (Healthy)

Whalers

5 vs 5 Forward
Line #Left WingCenterRight WingPHYDFOFWanted %Time %Time Play
1Timo MeierDrake BathersonVladimir Tarasenko0233633%17:15
2Reilly SmithShane PintoBryan Rust0233432%16:45
3Max PaciorettyPierre-edouard BellemareOskar Sundqvist0232222%11:34
4Trevor LewisJack McBainTy Dellandrea023814%7:16
5 vs 5 Defense
Line #DefenseDefensePHYDFOFWanted %Time %Time Play
1Justin FaulkScott Mayfield0323739%20:23
2Jacob MiddletonDavid Savard0323737%19:28
3Sean WalkerJosh Mahura0322625%12:59
4Justin FaulkSean Walker12200%0:00
Power Play Forward
Line #Left WingCenterRight WingPHYDFOFWanted %Time %Time Play
1Timo MeierDrake BathersonVladimir Tarasenko0055052%2:47
2Reilly SmithShane PintoBryan Rust0055048%2:33
Power Play Defense
Line #DefenseDefensePHYDFOFWanted %Time %Time Play
1Justin FaulkScott Mayfield0325051%2:42
2Jacob MiddletonSean Walker0325049%2:38
Penalty Kill 4 Players Forward
Line #CenterWingPHYDFOFWanted %Time %Time Play
1Pierre-edouard BellemareTy Dellandrea0415044%0:48
2Jack McBainReilly Smith0415056%1:02
Penalty Kill 4 Players Defense
Line #DefenseDefensePHYDFOFWanted %Time %Time Play
1David SavardJacob Middleton0505055%1:01
2Scott MayfieldJosh Mahura0505045%0:49
Penalty Kill 3 Players
Line #WingPHYDFOFWanted %Time %Time PlayDefenseDefensePHYDFOFWanted %Time %Time Play
1Pierre-edouard Bellemare050500%0:00 Sean WalkerJacob Middleton050500%0:00
2Jack McBain050500%0:00 Scott MayfieldJosh Mahura050500%0:00
4 vs 4 Forward
Line #CenterWingPHYDFOFWanted %Time %Time Play
1Drake BathersonTimo Meier023500%0:00
2Oskar SundqvistReilly Smith023500%0:00
4 vs 4 Defense
Line #DefensePHYDFOFWanted %Time %Time Play
1Josh MahuraDavid Savard032600%0:00
2Jacob MiddletonSean Walker032400%0:00
Last Minutes Offensive
Left WingCenterRight WingDefenseDefense
Timo MeierDrake BathersonVladimir TarasenkoJustin FaulkScott Mayfield
Last Minutes Defensive
Left WingCenterRight WingDefenseDefense
Reilly SmithPierre-edouard BellemareTy DellandreaSean WalkerScott Mayfield
Time
Total ForwardTotal DefenseLast Minutes OffensiveLast Minutes Defensive
60:00 60:00 0:000:00
Extra Forwards
Normal PowerPlayPenalty Kill
Timo Meier, Vladimir Tarasenko, Reilly SmithTy Dellandrea, Jack McBainShane Pinto
Extra Defensemen
Normal PowerPlayPenalty Kill
Justin Faulk, Sean Walker, Jacob MiddletonDavid Savard, Scott MayfieldJosh Mahura
Penalty Shots
Bryan Rust, Drake Batherson, Vladimir Tarasenko, Reilly Smith, Timo Meier
Goalie
Jacob Markstrom, Jake Allen
Custom OT Lines Forwards
Drake Batherson, Timo Meier, Vladimir Tarasenko, Reilly Smith, Bryan Rust, Shane Pinto, Max Pacioretty, Jack McBain, Ty Dellandrea, Oskar Sundqvist
Custom OT Lines Defensemen
Justin Faulk, David Savard, Jacob Middleton, Scott Mayfield, Josh Mahura
Scratches
Zack Kassian (Healthy), Adam Cracknell (Suspend), Kyle Burroughs (Healthy), Riley Nash (Healthy)


Play-by-Play

1st period


0:01 of 1st period - Claude Giroux wins face-off versus Drake Batherson in neutral zone.
0:04 of 1st period - Scott Mayfield is hit by Jared Spurgeon and loses puck.
0:25 of 1st period - Jared Spurgeon is hit by Shane Pinto and loses puck.
1:27 of 1st period - Sean Walker is hit by Alexis Lafreniere and loses puck.
1:40 of 1st period - Slapshot by Brady Tkachuk.
1:40 of 1st period - Deflect By Claude Giroux.
1:40 of 1st period - Shot Blocked by Sean Walker.
1:40 of 1st period - Puck is out of play.
1:41 of 1st period - Nico Hischier wins face-off versus Shane Pinto in Whalers zone.
1:46 of 1st period - Slapshot by Nico Hischier.
1:46 of 1st period - Stopped by Jacob Markstrom with a rebound.
1:56 of 1st period - Backhand shot by Reilly Smith.
1:56 of 1st period - Shot Misses the Net.
2:14 of 1st period - Snap shot by Vladimir Tarasenko.
2:14 of 1st period - Goal by Vladimir Tarasenko - Bruins : 0 - Whalers : 1.
2:15 of 1st period - Shane Pinto wins face-off versus Ryan Poehling in neutral zone.
2:18 of 1st period - Wrist shot by Reilly Smith.
2:18 of 1st period - Stopped by Ilya Samsonov with a rebound.
2:20 of 1st period - Snap shot by Sean Walker.
2:20 of 1st period - Stopped by Ilya Samsonov with a rebound.
2:22 of 1st period - Slapshot by Bryan Rust.
2:22 of 1st period - Shot Misses the Net.
2:24 of 1st period - Slapshot by Sean Walker.
2:24 of 1st period - Stopped by Ilya Samsonov with a rebound.
2:26 of 1st period - Snap shot by Josh Mahura.
2:26 of 1st period - Shot Blocked by Jared Spurgeon.
2:28 of 1st period - Snap shot by Reilly Smith.
2:28 of 1st period - Shot Misses the Net.
3:22 of 1st period - Snap shot by Paul Stastny.
3:22 of 1st period - Shot Misses the Net.
3:30 of 1st period - Snap shot by Ty Dellandrea.
3:30 of 1st period - Stopped by Ilya Samsonov without a rebound.
3:31 of 1st period - Ryan Poehling wins face-off versus Shane Pinto in Bruins zone.
3:58 of 1st period - Off-side.
3:59 of 1st period - Drake Batherson wins face-off versus Claude Giroux in neutral zone.
4:06 of 1st period - Dmitry Kulikov is hit by Josh Mahura and loses puck.
4:34 of 1st period - Snap shot by Brady Tkachuk.
4:34 of 1st period - Stopped by Jacob Markstrom with a rebound.
4:36 of 1st period - Snap shot by Nikita Zaitsev.
4:36 of 1st period - Deflect By Bryan Rust.
4:36 of 1st period - Stopped by Jacob Markstrom with a rebound.
4:38 of 1st period - Wrist shot by Brady Tkachuk.
4:38 of 1st period - Shot Misses the Net.
4:40 of 1st period - Snap shot by Nikita Zaitsev.
4:40 of 1st period - Shot Blocked by Sean Walker.
4:50 of 1st period - Slapshot by Claude Giroux.
4:50 of 1st period - Shot Misses the Net.
4:52 of 1st period - Wrist shot by Alexis Lafreniere.
4:52 of 1st period - Stopped by Jacob Markstrom without a rebound.
4:53 of 1st period - Pierre-edouard Bellemare wins face-off versus Ryan Poehling in Whalers zone.
5:18 of 1st period - Seth Jones is hit by Scott Mayfield and loses puck.
5:47 of 1st period - Snap shot by Reilly Smith.
5:47 of 1st period - Shot Blocked by Nikita Zaitsev.
5:49 of 1st period - Snap shot by Reilly Smith.
5:49 of 1st period - Goal by Reilly Smith - Bruins : 0 - Whalers : 2.
5:50 of 1st period - Pierre-edouard Bellemare wins face-off versus Ryan Poehling in neutral zone.
5:59 of 1st period - Wrist shot by Oskar Sundqvist.
5:59 of 1st period - Stopped by Ilya Samsonov with a rebound.
6:15 of 1st period - Matt Dumba is hit by Timo Meier and loses puck.
7:44 of 1st period - Wrist shot by Drake Batherson.
7:44 of 1st period - Shot Misses the Net.
8:02 of 1st period - Slapshot by Bryan Rust.
8:02 of 1st period - Deflect By Maxime Comtois.
8:02 of 1st period - Shot Misses the Net.
8:02 of 1st period - Puck is out of play.
8:03 of 1st period - Nico Hischier wins face-off versus Shane Pinto in Bruins zone.
8:08 of 1st period - Backhand shot by Nico Hischier.
8:08 of 1st period - Stopped by Jacob Markstrom with a rebound.
8:10 of 1st period - Slapshot by Jacob Bernard-Docker.
8:10 of 1st period - Shot Misses the Net.
8:12 of 1st period - Slapshot by Nikita Zaitsev.
8:12 of 1st period - Deflect By Scott Mayfield.
8:12 of 1st period - Stopped by Jacob Markstrom without a rebound.
8:13 of 1st period - Nico Hischier wins face-off versus Drake Batherson in Whalers zone.
8:14 of 1st period - Snap shot by Taylor Raddysh.
8:14 of 1st period - Shot Misses the Net.
8:36 of 1st period - Minor Penalty to Jacob Bernard-Docker for Unsportsmanlike conduct.
8:37 of 1st period - Drake Batherson wins face-off versus Ryan Poehling in Bruins zone.
8:40 of 1st period - Slapshot by Drake Batherson.
8:40 of 1st period - Shot Misses the Net.
10:11 of 1st period - Icing by Timo Meier.
10:12 of 1st period - Nico Hischier wins face-off versus Drake Batherson in Whalers zone.
10:36 of 1st period - Penalty to Jacob Bernard-Docker is over, Jacob Bernard-Docker is back on ice.
10:53 of 1st period - Snap shot by Justin Faulk.
10:53 of 1st period - Shot Misses the Net.
10:55 of 1st period - Slapshot by Trevor Lewis.
10:55 of 1st period - Stopped by Ilya Samsonov with a rebound.
10:57 of 1st period - Slapshot by Scott Mayfield.
10:57 of 1st period - Shot Misses the Net.
10:59 of 1st period - Backhand shot by Ty Dellandrea.
10:59 of 1st period - Stopped by Ilya Samsonov without a rebound.
11:00 of 1st period - Shane Pinto wins face-off versus Claude Giroux in Bruins zone.
11:09 of 1st period - Slapshot by Claude Giroux.
11:09 of 1st period - Shot Misses the Net.
11:11 of 1st period - Snap shot by Claude Giroux.
11:11 of 1st period - Deflect By Brady Tkachuk.
11:11 of 1st period - Shot Misses the Net.
11:11 of 1st period - Puck is out of play.
11:12 of 1st period - Drake Batherson wins face-off versus Ryan Poehling in Whalers zone.
11:39 of 1st period - Josh Mahura is hit by Morgan Frost and loses puck.
12:00 of 1st period - Wrist shot by Max Pacioretty.
12:00 of 1st period - Shot Misses the Net.
12:30 of 1st period - Wrist shot by Vladimir Tarasenko.
12:30 of 1st period - Shot Misses the Net.
12:47 of 1st period - Slapshot by Anthony Mantha.
12:47 of 1st period - Shot Blocked by Josh Mahura.
12:49 of 1st period - Slapshot by Matt Dumba.
12:49 of 1st period - Deflect By Sean Walker.
12:49 of 1st period - Stopped by Jacob Markstrom with a rebound.
12:51 of 1st period - Slapshot by Mason Marchment.
12:51 of 1st period - Stopped by Jacob Markstrom without a rebound.
12:52 of 1st period - Shane Pinto wins face-off versus Paul Stastny in Whalers zone.
13:18 of 1st period - Nikita Zaitsev is hit by Jacob Middleton.
14:04 of 1st period - Snap shot by Ty Dellandrea.
14:04 of 1st period - Deflect By Jack McBain.
14:04 of 1st period - Stopped by Ilya Samsonov with a rebound.
14:06 of 1st period - Snap shot by Justin Faulk.
14:06 of 1st period - Stopped by Ilya Samsonov without a rebound.
14:07 of 1st period - Drake Batherson wins face-off versus Ryan Poehling in Bruins zone.
14:46 of 1st period - Wrist shot by Nico Hischier.
14:46 of 1st period - Shot Blocked by Shane Pinto.
15:00 of 1st period - Snap shot by Oskar Sundqvist.
15:00 of 1st period - Shot Misses the Net.
16:00 of 1st period - Snap shot by Mason Marchment.
16:00 of 1st period - Shot Misses the Net.
16:02 of 1st period - Slapshot by Dmitry Kulikov.
16:02 of 1st period - Shot Misses the Net.
16:04 of 1st period - Slapshot by Dmitry Kulikov.
16:04 of 1st period - Shot Misses the Net.
16:06 of 1st period - Wrist shot by Anthony Mantha.
16:06 of 1st period - Shot Misses the Net.
16:08 of 1st period - Wrist shot by Mason Marchment.
16:08 of 1st period - Shot Misses the Net.
16:10 of 1st period - Slapshot by Ryan Poehling.
16:10 of 1st period - Stopped by Jacob Markstrom without a rebound.
16:11 of 1st period - Claude Giroux wins face-off versus Drake Batherson in Whalers zone.
16:14 of 1st period - Snap shot by Claude Giroux.
16:14 of 1st period - Stopped by Jacob Markstrom without a rebound.
16:15 of 1st period - Claude Giroux wins face-off versus Timo Meier in Whalers zone.
16:17 of 1st period - Minor Penalty to Timo Meier for Goalie Interference.
16:18 of 1st period - Nico Hischier wins face-off versus Pierre-edouard Bellemare in Whalers zone.
16:32 of 1st period - Snap shot by Brady Tkachuk.
16:32 of 1st period - Shot Blocked by Jacob Middleton.
16:44 of 1st period - Nico Hischier is hit by Jacob Middleton and loses puck.
17:28 of 1st period - Jack McBain is hit by Jared Spurgeon and loses puck.
18:07 of 1st period - Slapshot by Brady Tkachuk.
18:07 of 1st period - Goal by Brady Tkachuk - Bruins : 1 - Whalers : 2.
18:08 of 1st period - Drake Batherson wins face-off versus Paul Stastny in neutral zone.
18:17 of 1st period - Wrist shot by Vladimir Tarasenko.
18:17 of 1st period - Shot Blocked by Nikita Zaitsev.
18:25 of 1st period - Snap shot by Drake Batherson.
18:25 of 1st period - Shot Misses the Net.
19:17 of 1st period - Seth Jones is hit by Bryan Rust and loses puck.
Goals for this period are 1 for Bruins vs 2 for Whalers.
Shots for this period are 11 for Bruins vs 11 for Whalers.

2nd period


0:01 of 2nd period - Claude Giroux wins face-off versus Shane Pinto in neutral zone.
0:25 of 2nd period - David Savard is hit by Morgan Frost and loses puck.
0:32 of 2nd period - Wrist shot by Jacob Middleton.
0:32 of 2nd period - Stopped by Ilya Samsonov without a rebound.
0:33 of 2nd period - Nico Hischier wins face-off versus Shane Pinto in Bruins zone.
1:01 of 2nd period - Snap shot by Drake Batherson.
1:01 of 2nd period - Stopped by Ilya Samsonov without a rebound.
1:02 of 2nd period - Claude Giroux wins face-off versus Drake Batherson in Bruins zone.
1:09 of 2nd period - Backhand shot by Claude Giroux.
1:09 of 2nd period - Shot Misses the Net.
1:21 of 2nd period - Backhand shot by Timo Meier.
1:21 of 2nd period - Shot Blocked by Nikita Zaitsev.
1:23 of 2nd period - Wrist shot by Drake Batherson.
1:23 of 2nd period - Stopped by Ilya Samsonov with a rebound.
1:25 of 2nd period - Snap shot by Jacob Middleton.
1:25 of 2nd period - Shot Blocked by Nikita Zaitsev.
1:43 of 2nd period - Snap shot by Vladimir Tarasenko.
1:43 of 2nd period - Shot Misses the Net.
1:45 of 2nd period - Snap shot by Drake Batherson.
1:45 of 2nd period - Shot Blocked by Alexis Lafreniere.
1:58 of 2nd period - Minor Penalty to Brady Tkachuk for Charging.
1:59 of 2nd period - Shane Pinto wins face-off versus Ryan Poehling in Bruins zone.
2:13 of 2nd period - Wrist shot by Bryan Rust.
2:13 of 2nd period - Goal by Bryan Rust - Bruins : 1 - Whalers : 3.
2:14 of 2nd period - Shane Pinto wins face-off versus Nico Hischier in neutral zone.
2:41 of 2nd period - Claude Giroux is hit by Max Pacioretty and loses puck.
3:32 of 2nd period - Slapshot by Justin Faulk.
3:32 of 2nd period - Stopped by Ilya Samsonov with a rebound.
3:54 of 2nd period - Wrist shot by Bryan Rust.
3:54 of 2nd period - Stopped by Ilya Samsonov with a rebound.
4:08 of 2nd period - Snap shot by Maxime Comtois.
4:08 of 2nd period - Stopped by Jacob Markstrom with a rebound.
4:10 of 2nd period - Snap shot by Zemgus Girgensons.
4:10 of 2nd period - Stopped by Jacob Markstrom without a rebound.
4:11 of 2nd period - Nico Hischier wins face-off versus Drake Batherson in Whalers zone.
5:12 of 2nd period - Slapshot by Brady Tkachuk.
5:12 of 2nd period - Shot Misses the Net.
5:44 of 2nd period - Snap shot by Max Pacioretty.
5:44 of 2nd period - Shot Misses the Net.
6:08 of 2nd period - Wrist shot by Anthony Mantha.
6:08 of 2nd period - Deflect By Mason Marchment.
6:08 of 2nd period - Shot Blocked by Sean Walker.
6:08 of 2nd period - Puck is out of play.
6:09 of 2nd period - Anthony Mantha wins face-off versus Pierre-edouard Bellemare in Whalers zone.
6:10 of 2nd period - Slapshot by Mason Marchment.
6:10 of 2nd period - Shot Misses the Net.
6:34 of 2nd period - Anthony Mantha is hit by Jack McBain and loses puck.
6:55 of 2nd period - Off-side.
6:56 of 2nd period - Nico Hischier wins face-off versus Drake Batherson in neutral zone.
6:59 of 2nd period - Snap shot by Morgan Frost.
6:59 of 2nd period - Shot Blocked by Drake Batherson.
7:01 of 2nd period - Slapshot by Nikita Zaitsev.
7:01 of 2nd period - Deflect By Drake Batherson.
7:01 of 2nd period - Stopped by Jacob Markstrom with a rebound.
7:03 of 2nd period - Wrist shot by Jacob Bernard-Docker.
7:03 of 2nd period - Shot Misses the Net.
7:05 of 2nd period - Wrist shot by Nico Hischier.
7:05 of 2nd period - Stopped by Jacob Markstrom with a rebound.
7:07 of 2nd period - Wrist shot by Taylor Raddysh.
7:07 of 2nd period - Stopped by Jacob Markstrom with a rebound.
7:28 of 2nd period - Wrist shot by Claude Giroux.
7:28 of 2nd period - Stopped by Jacob Markstrom without a rebound.
7:29 of 2nd period - Shane Pinto wins face-off versus Nico Hischier in Whalers zone.
8:40 of 2nd period - Nikita Zaitsev is hit by Jack McBain and loses puck.
8:47 of 2nd period - Slapshot by Justin Faulk.
8:47 of 2nd period - Shot Misses the Net.
8:49 of 2nd period - Wrist shot by Ty Dellandrea.
8:49 of 2nd period - Stopped by Ilya Samsonov without a rebound.
8:50 of 2nd period - Claude Giroux wins face-off versus Shane Pinto in Bruins zone.
8:55 of 2nd period - Wrist shot by Reilly Smith.
8:55 of 2nd period - Shot Misses the Net.
8:57 of 2nd period - Wrist shot by Reilly Smith.
8:57 of 2nd period - Shot Blocked by Seth Jones.
8:59 of 2nd period - Slapshot by David Savard.
8:59 of 2nd period - Shot Blocked by Seth Jones.
9:01 of 2nd period - Wrist shot by Reilly Smith.
9:01 of 2nd period - Shot Blocked by Seth Jones.
9:03 of 2nd period - Snap shot by Shane Pinto.
9:03 of 2nd period - Deflect By Reilly Smith.
9:03 of 2nd period - Stopped by Ilya Samsonov without a rebound.
9:04 of 2nd period - Drake Batherson wins face-off versus Nico Hischier in Bruins zone.
9:09 of 2nd period - Slapshot by Drake Batherson.
9:09 of 2nd period - Stopped by Ilya Samsonov with a rebound.
9:50 of 2nd period - Wrist shot by Drake Batherson.
9:50 of 2nd period - Stopped by Ilya Samsonov with a rebound.
9:52 of 2nd period - Slapshot by Vladimir Tarasenko.
9:52 of 2nd period - Goal by Vladimir Tarasenko - Bruins : 1 - Whalers : 4.
9:53 of 2nd period - Shane Pinto wins face-off versus Claude Giroux in neutral zone.
10:15 of 2nd period - Minor Penalty to Matt Dumba for Hooking.
10:16 of 2nd period - Shane Pinto wins face-off versus Ryan Poehling in Bruins zone.
10:31 of 2nd period - Snap shot by Bryan Rust.
10:31 of 2nd period - Shot Blocked by Nikita Zaitsev.
11:41 of 2nd period - Icing by Jacob Middleton.
11:42 of 2nd period - Bryan Rust wins face-off versus Nico Hischier in Whalers zone.
12:15 of 2nd period - Penalty to Matt Dumba is over, Matt Dumba is back on ice.
12:17 of 2nd period - Off-side.
12:18 of 2nd period - Claude Giroux wins face-off versus Oskar Sundqvist in neutral zone.
12:53 of 2nd period - Snap shot by Bryan Rust.
12:53 of 2nd period - Shot Misses the Net.
12:55 of 2nd period - Slapshot by Scott Mayfield.
12:55 of 2nd period - Stopped by Ilya Samsonov without a rebound.
12:56 of 2nd period - Claude Giroux wins face-off versus Drake Batherson in Bruins zone.
13:00 of 2nd period - Off-side.
13:01 of 2nd period - Drake Batherson wins face-off versus Claude Giroux in neutral zone.
13:06 of 2nd period - Slapshot by Vladimir Tarasenko.
13:06 of 2nd period - Shot Misses the Net.
13:10 of 2nd period - Wrist shot by Drake Batherson.
13:10 of 2nd period - Shot Misses the Net.
13:36 of 2nd period - Slapshot by Morgan Frost.
13:36 of 2nd period - Shot Misses the Net.
13:38 of 2nd period - Slapshot by Jared Spurgeon.
13:38 of 2nd period - Stopped by Jacob Markstrom with a rebound.
14:14 of 2nd period - Backhand shot by Trevor Lewis.
14:14 of 2nd period - Deflect By Ty Dellandrea.
14:14 of 2nd period - Shot Misses the Net.
14:14 of 2nd period - Puck is out of play.
14:15 of 2nd period - Nico Hischier wins face-off versus Jack McBain in Bruins zone.
14:20 of 2nd period - Snap shot by Morgan Frost.
14:20 of 2nd period - Shot Misses the Net.
14:52 of 2nd period - Snap shot by Bryan Rust.
14:52 of 2nd period - Stopped by Ilya Samsonov with a rebound.
14:54 of 2nd period - Snap shot by Bryan Rust.
14:54 of 2nd period - Stopped by Ilya Samsonov without a rebound.
14:55 of 2nd period - Ryan Poehling wins face-off versus Drake Batherson in Bruins zone.
15:02 of 2nd period - Backhand shot by Seth Jones.
15:02 of 2nd period - Shot Blocked by Timo Meier.
15:04 of 2nd period - Slapshot by Mason Marchment.
15:04 of 2nd period - Goal by Mason Marchment - Bruins : 2 - Whalers : 4.
15:05 of 2nd period - Shane Pinto wins face-off versus Nico Hischier in neutral zone.
15:26 of 2nd period - Minor Penalty to Jacob Bernard-Docker for Hooking.
15:27 of 2nd period - Shane Pinto wins face-off versus Ryan Poehling in Bruins zone.
15:30 of 2nd period - Slapshot by Reilly Smith.
15:30 of 2nd period - Shot Misses the Net.
15:32 of 2nd period - Snap shot by Shane Pinto.
15:32 of 2nd period - Whalers goal is going for a video replay.
15:32 of 2nd period - The goal is refused. The goalkeeper has been pushed into the net together with the puck after making a save..
15:33 of 2nd period - Ryan Poehling wins face-off versus Shane Pinto in Bruins zone.
15:48 of 2nd period - Snap shot by Shane Pinto.
15:48 of 2nd period - Goal by Shane Pinto - Bruins : 2 - Whalers : 5.
15:49 of 2nd period - Drake Batherson wins face-off versus Brady Tkachuk in neutral zone.
16:00 of 2nd period - Jared Spurgeon is hit by Drake Batherson and loses puck.
17:23 of 2nd period - Minor Penalty to Brady Tkachuk for Roughing.
17:24 of 2nd period - Ryan Poehling wins face-off versus Drake Batherson in Bruins zone.
17:32 of 2nd period - Slapshot by Justin Faulk.
17:32 of 2nd period - Stopped by Ilya Samsonov without a rebound.
17:33 of 2nd period - Ryan Poehling wins face-off versus Drake Batherson in Bruins zone.
18:00 of 2nd period - Snap shot by Drake Batherson.
18:00 of 2nd period - Stopped by Ilya Samsonov without a rebound.
18:01 of 2nd period - Reilly Smith wins face-off versus Ryan Poehling in Bruins zone.
18:04 of 2nd period - Wrist shot by Reilly Smith.
18:04 of 2nd period - Shot Misses the Net.
18:06 of 2nd period - Wrist shot by Shane Pinto.
18:06 of 2nd period - Shot Blocked by Seth Jones.
18:08 of 2nd period - Wrist shot by Bryan Rust.
18:08 of 2nd period - Deflect By Seth Jones.
18:08 of 2nd period - Goal by Bryan Rust - Bruins : 2 - Whalers : 6.
18:09 of 2nd period - Claude Giroux wins face-off versus Shane Pinto in neutral zone.
18:34 of 2nd period - Seth Jones is hit by Justin Faulk and loses puck.
18:45 of 2nd period - Off-side.
18:46 of 2nd period - Claude Giroux wins face-off versus Reilly Smith in neutral zone.
18:52 of 2nd period - Icing by David Savard.
18:53 of 2nd period - Shane Pinto wins face-off versus Claude Giroux in Whalers zone.
18:53 of 2nd period - Shane Pinto is hit by Claude Giroux.
Goals for this period are 1 for Bruins vs 4 for Whalers.
Shots for this period are 8 for Bruins vs 19 for Whalers.

3rd period


0:01 of 3rd period - Ryan Poehling wins face-off versus Drake Batherson in neutral zone.
0:10 of 3rd period - Snap shot by Mason Marchment.
0:10 of 3rd period - Shot Misses the Net.
0:12 of 3rd period - Slapshot by Matt Dumba.
0:12 of 3rd period - Deflect By Mason Marchment.
0:12 of 3rd period - Shot Blocked by Scott Mayfield.
0:12 of 3rd period - Puck is out of play.
0:13 of 3rd period - Nico Hischier wins face-off versus Shane Pinto in Whalers zone.
0:14 of 3rd period - Slapshot by Morgan Frost.
0:14 of 3rd period - Stopped by Jacob Markstrom without a rebound.
0:15 of 3rd period - Bryan Rust wins face-off versus Nico Hischier in Whalers zone.
0:26 of 3rd period - Snap shot by Reilly Smith.
0:26 of 3rd period - Shot Blocked by Jacob Bernard-Docker.
0:28 of 3rd period - Snap shot by Reilly Smith.
0:28 of 3rd period - Goal by Reilly Smith - Bruins : 2 - Whalers : 7.
0:28 of 3rd period - Mackenzie Blackwood enters game.
0:29 of 3rd period - Ryan Poehling wins face-off versus Drake Batherson in neutral zone.
0:42 of 3rd period - Slapshot by Anthony Mantha.
0:42 of 3rd period - Shot Blocked by Jacob Middleton.
1:22 of 3rd period - Wrist shot by Claude Giroux.
1:22 of 3rd period - Shot Blocked by Justin Faulk.
1:28 of 3rd period - Snap shot by Max Pacioretty.
1:28 of 3rd period - Stopped by Mackenzie Blackwood without a rebound.
1:29 of 3rd period - Ryan Poehling wins face-off versus Drake Batherson in Bruins zone.
1:55 of 3rd period - Nico Hischier is hit by Sean Walker.
2:17 of 3rd period - Off-side.
2:18 of 3rd period - Pierre-edouard Bellemare wins face-off versus Claude Giroux in neutral zone.
2:20 of 3rd period - Off-side.
2:21 of 3rd period - Claude Giroux wins face-off versus Pierre-edouard Bellemare in neutral zone.
2:58 of 3rd period - Slapshot by Oskar Sundqvist.
2:58 of 3rd period - Stopped by Mackenzie Blackwood with a rebound.
3:08 of 3rd period - Snap shot by Oskar Sundqvist.
3:08 of 3rd period - Shot Blocked by Jacob Bernard-Docker.
3:10 of 3rd period - Snap shot by Oskar Sundqvist.
3:10 of 3rd period - Shot Misses the Net.
3:12 of 3rd period - Wrist shot by Pierre-edouard Bellemare.
3:12 of 3rd period - Stopped by Mackenzie Blackwood with a rebound.
3:24 of 3rd period - Wrist shot by Max Pacioretty.
3:24 of 3rd period - Shot Misses the Net.
3:26 of 3rd period - Snap shot by Scott Mayfield.
3:26 of 3rd period - Shot Blocked by Claude Giroux.
4:10 of 3rd period - Snap shot by Max Pacioretty.
4:10 of 3rd period - Shot Misses the Net.
4:31 of 3rd period - Wrist shot by Oskar Sundqvist.
4:31 of 3rd period - Stopped by Mackenzie Blackwood with a rebound.
4:35 of 3rd period - Snap shot by Oskar Sundqvist.
4:35 of 3rd period - Stopped by Mackenzie Blackwood with a rebound.
4:54 of 3rd period - Wrist shot by Max Pacioretty.
4:54 of 3rd period - Stopped by Mackenzie Blackwood with a rebound.
4:58 of 3rd period - Wrist shot by Max Pacioretty.
4:58 of 3rd period - Shot Misses the Net.
5:00 of 3rd period - Slapshot by Max Pacioretty.
5:00 of 3rd period - Shot Misses the Net.
5:02 of 3rd period - Slapshot by Scott Mayfield.
5:02 of 3rd period - Shot Misses the Net.
5:08 of 3rd period - Wrist shot by Max Pacioretty.
5:08 of 3rd period - Stopped by Mackenzie Blackwood without a rebound.
5:09 of 3rd period - Nico Hischier wins face-off versus Drake Batherson in Bruins zone.
5:09 of 3rd period - Nico Hischier is hit by Vladimir Tarasenko.
5:17 of 3rd period - Slapshot by Seth Jones.
5:17 of 3rd period - Stopped by Jacob Markstrom without a rebound.
5:18 of 3rd period - Nico Hischier wins face-off versus Drake Batherson in Whalers zone.
5:26 of 3rd period - Slapshot by Jared Spurgeon.
5:26 of 3rd period - Deflect By Morgan Frost.
5:26 of 3rd period - Stopped by Jacob Markstrom with a rebound.
5:28 of 3rd period - Slapshot by Seth Jones.
5:28 of 3rd period - Stopped by Jacob Markstrom without a rebound.
5:29 of 3rd period - Ryan Poehling wins face-off versus Shane Pinto in Whalers zone.
5:30 of 3rd period - Slapshot by Anthony Mantha.
5:30 of 3rd period - Stopped by Jacob Markstrom with a rebound.
9:27 of 3rd period - Jacob Middleton is hit by Dmitry Kulikov.
9:49 of 3rd period - Dmitry Kulikov is hit by Drake Batherson.
9:56 of 3rd period - Icing by Timo Meier.
9:57 of 3rd period - Taylor Raddysh wins face-off versus Drake Batherson in Whalers zone.
10:02 of 3rd period - Slapshot by Paul Stastny.
10:02 of 3rd period - Stopped by Jacob Markstrom without a rebound.
10:03 of 3rd period - Shane Pinto wins face-off versus Paul Stastny in Whalers zone.
10:56 of 3rd period - Snap shot by Seth Jones.
10:56 of 3rd period - Shot Misses the Net.
10:58 of 3rd period - Snap shot by Ryan Poehling.
10:58 of 3rd period - Goal by Ryan Poehling - Bruins : 3 - Whalers : 7.
10:59 of 3rd period - Nico Hischier wins face-off versus Shane Pinto in neutral zone.
11:07 of 3rd period - Wrist shot by Bryan Rust.
11:07 of 3rd period - Stopped by Mackenzie Blackwood with a rebound.
11:09 of 3rd period - Wrist shot by Shane Pinto.
11:09 of 3rd period - Stopped by Mackenzie Blackwood with a rebound.
11:11 of 3rd period - Wrist shot by Jacob Middleton.
11:11 of 3rd period - Deflect By Dmitry Kulikov.
11:11 of 3rd period - Stopped by Mackenzie Blackwood with a rebound.
11:13 of 3rd period - Slapshot by David Savard.
11:13 of 3rd period - Shot Blocked by Matt Dumba.
11:15 of 3rd period - Slapshot by David Savard.
11:15 of 3rd period - Stopped by Mackenzie Blackwood without a rebound.
11:16 of 3rd period - Ryan Poehling wins face-off versus Timo Meier in Bruins zone.
12:27 of 3rd period - Off-side.
12:28 of 3rd period - Paul Stastny wins face-off versus Drake Batherson in neutral zone.
13:22 of 3rd period - Snap shot by Taylor Raddysh.
13:22 of 3rd period - Stopped by Jacob Markstrom without a rebound.
13:23 of 3rd period - Drake Batherson wins face-off versus Nico Hischier in Whalers zone.
14:00 of 3rd period - Slapshot by Taylor Raddysh.
14:00 of 3rd period - Stopped by Jacob Markstrom with a rebound.
14:16 of 3rd period - Wrist shot by Anthony Mantha.
14:16 of 3rd period - Stopped by Jacob Markstrom with a rebound.
14:18 of 3rd period - Slapshot by Seth Jones.
14:18 of 3rd period - Stopped by Jacob Markstrom without a rebound.
14:19 of 3rd period - Ryan Poehling wins face-off versus Shane Pinto in Whalers zone.
14:24 of 3rd period - Snap shot by Anthony Mantha.
14:24 of 3rd period - Stopped by Jacob Markstrom without a rebound.
14:25 of 3rd period - Claude Giroux wins face-off versus Shane Pinto in Whalers zone.
15:18 of 3rd period - Slapshot by Josh Mahura.
15:18 of 3rd period - Stopped by Mackenzie Blackwood without a rebound.
15:19 of 3rd period - Shane Pinto wins face-off versus Paul Stastny in Bruins zone.
15:32 of 3rd period - Snap shot by Reilly Smith.
15:32 of 3rd period - Stopped by Mackenzie Blackwood without a rebound.
15:33 of 3rd period - Claude Giroux wins face-off versus Drake Batherson in Bruins zone.
17:09 of 3rd period - Slapshot by Brady Tkachuk.
17:09 of 3rd period - Stopped by Jacob Markstrom with a rebound.
17:27 of 3rd period - Slapshot by Brady Tkachuk.
17:27 of 3rd period - Stopped by Jacob Markstrom without a rebound.
17:28 of 3rd period - Shane Pinto wins face-off versus Ryan Poehling in Whalers zone.
18:14 of 3rd period - Matt Dumba is hit by Ty Dellandrea and loses puck.
19:32 of 3rd period - Wrist shot by Anthony Mantha.
19:32 of 3rd period - Shot Misses the Net.
19:50 of 3rd period - Snap shot by Brady Tkachuk.
19:50 of 3rd period - Deflect By Max Pacioretty.
19:50 of 3rd period - Shot Blocked by Max Pacioretty.
19:50 of 3rd period - Puck is out of play.
19:51 of 3rd period - Pierre-edouard Bellemare wins face-off versus Claude Giroux in Whalers zone.
Goals for this period are 1 for Bruins vs 1 for Whalers.
Shots for this period are 14 for Bruins vs 14 for Whalers.




Output by the SimonT Hockey Simulator (STHS) for Eric Tremblay - Original Page W3C HTML5 Valid
Hockey Simulator - Hockey Simulation - Hockey Manager